 Dungeon Crawl Stone Soup version 0.21.1-1-g345015f (webtiles) character file.

106 lysyklops the Sneak (level 4, -2/23 HPs)
             Began as a Spriggan Assassin on July 27, 2018.
             Slain by tyranidshit's ghost (11 damage)
             ... on level 3 of the Dungeon.
             The game lasted 00:08:18 (2793 turns).

lysyklops the Sneak (Spriggan Assassin)             Turns: 2793, Time: 00:08:19

Health: -2/23      AC:  3    Str:  7    XL:     4   Next: 55%
Magic:  5/5        EV: 19    Int: 12    God:
Gold:   115        SH:  0    Dex: 18    Spells: 3/3 levels left

rFire    . . .     SeeInvis +   a - +2 dagger
rCold    . . .     Gourm    .   (shield restricted)
rNeg     . . .     Faith    .   c - +0 robe
rPois    .         Spirit   .   (helmet restricted)
rElec    .         Reflect  .   d - +0 cloak
rCorr    .         Harm     .   (gloves unavailable)
MR       .....                  (boots unavailable)
Stlth    ++++......             (no amulet)
HPRegen  0.07/turn              (no ring)
MPRegen  0.09/turn              (no ring)

@: very quick
A: very small, unfitting armour, see invisible, herbivore, speed 3, slow
metabolism 2
a: no special abilities


You were on level 3 of the Dungeon.
You were not hungry.

You visited 1 branch of the dungeon, and saw 4 of its levels.

You collected 115 gold pieces.

Inventory:

Hand Weapons
 a - a +2 dagger (weapon)
 b - a +0 blowgun
 q - a +0 rapier
Missiles
 e - 8 poisoned needles
 f - 2 curare-tipped needles
Armour
 c - a +0 robe (worn)
 d - a +0 cloak (worn)
Jewellery
 m - an uncursed amulet of the gourmand {unknown}
 o - a +6 ring of evasion {unknown}
 t - an uncursed ring of ice {unknown}
Scrolls
 h - 2 scrolls of teleportation {unknown}
 j - a scroll of random uselessness {unknown}
 k - a scroll of noise {unknown}
 l - 3 scrolls of magic mapping {unknown}
 n - 2 scrolls of immolation {unknown}
 r - a scroll of amnesia {unknown}
 s - a scroll of identify {unknown}
Potions
 i - 3 potions of degeneration {unknown}
 p - 2 potions of flight {unknown}
 u - 2 potions of curing {unknown}
Comestibles
 g - 6 rations


   Skills:
 + Level 2.2 Fighting
 + Level 3.1 Short Blades
 - Level 2.5 Throwing
 + Level 3.2 Dodging
 + Level 6.7 Stealth


You had 3 spell levels left.
You didn't know any spells.

Dungeon Overview and Level Annotations

Branches:
Dungeon (4/15)
 Temple: D:4-7

Altars:
Okawaru

Annotations:
D:3 tyranidshit's ghost, amateur DsAK
D:4 Terence


Innate Abilities, Weirdness & Mutations

You are very small and have problems with some larger weapons.
You are too small for most types of armour.
You have supernaturally acute eyesight. (SInv)
You are a herbivore.
You cover ground extremely quickly.
You need consume almost no food.


Message History

You hit the jackal.
The jackal is severely wounded.
The jackal bites you. The jackal barely misses you.
You hit the jackal.
You kill the jackal!
You barely miss tyranidshit's ghost. Tyranidshit's ghost hits you!
You hit tyranidshit's ghost but do no damage.
Tyranidshit's ghost completely misses you.
You hit tyranidshit's ghost but do no damage.
You hit tyranidshit's ghost but do no damage.
Tyranidshit's ghost closely misses you.
You barely miss tyranidshit's ghost.
Tyranidshit's ghost hits you but does no damage.
You completely miss tyranidshit's ghost.
Tyranidshit's ghost hits you but does no damage.
You hit tyranidshit's ghost but do no damage.
Tyranidshit's ghost closely misses you.
You hit tyranidshit's ghost but do no damage.
Tyranidshit's ghost hits you!
You die...

###.#####.#....#.#.# #.#
.....(......)..#.#.# #.#
###................## #.#
#######.####.#....### #.#
#?........#...####.######
#.######...........<.....
#.# #.##.#......##.###
#.# #.# #####.## # #W#
#@# #. #. #W# #. ..# #.
#### #.


You could see tyranidshit's ghost.

Vanquished Creatures
  An orc wizard (D:4)
  An adder (D:2)
  A worm (D:2)
  3 dart slugs (D:2)
  A giant cockroach (D:1)
  5 goblins
  9 hobgoblins
  2 jackals (D:3)
  9 kobolds
  4 quokkas
  7 bats
  4 frilled lizards (D:2)
  12 rats
59 creatures vanquished.

Notes
Turn   | Place    | Note
-------+----------+-------------------------------------------
     0 | D:1      | lysyklops the Spriggan Assassin began the quest for the Orb.
     0 | D:1      | Reached XP level 1. HP: 10/10 MP: 2/2
   321 | D:1      | Reached skill level 6 in Stealth
   332 | D:1      | Reached XP level 2. HP: 15/15 MP: 3/3
  1102 | D:2      | Reached XP level 3. HP: 12/18 MP: 4/4
  1742 | D:2      | Found an iron altar of Okawaru.
  2108 | D:3      | Reached XP level 4. HP: 23/23 MP: 5/5
  2145 | D:3      | Noticed Terence
  2182 | D:4      | HP: 1/23 [Terence/mace (5)]
  2765 | D:3      | Noticed tyranidshit's ghost (amateur DsAK)
  2793 | D:3      | Slain by tyranidshit's ghost

Skill      XL: |  1  2  3  4 |
---------------+-------------+-----
Stealth        | 6 |  6.7
Dodging        | 2 3 |  3.2
Fighting       | 2 |  2.2
Short Blades   | 3 |  3.1
Throwing       | |  2.5

Action                   |  1- 3 |  4- 6 || total
-------------------------+-------+-------++-------
Melee: Dagger            |   129 |    64 ||   193
 Stab: Sleeping          |    23 |     2 ||    25
Armor: Robe              |    10 |     8 ||    18
Dodge: Dodged            |    76 |    39 ||   115
